 Dungeon Crawl Stone Soup version 0.23.1 (webtiles) character file.

Game seed: 5394452727569435890

146 ohad the Changer (level 5, -3/33 HPs)
             Began as an Octopode Transmuter on Mar 11, 2019.
             Splashed by a jelly's acid (5 damage)
             ... on level 3 of the Dungeon.
             The game lasted 00:06:52 (2353 turns).

ohad the Changer (Octopode Transmuter)              Turns: 2353, Time: 00:06:53

Health: -3/33      AC: -3    Str: 10    XL:     5   Next: 28%
Magic:  9/9        EV: 13    Int: 16    God:
Gold:   171        SH:  0    Dex: 12    Spells: 0/10 levels left

rFire    . . .     SeeInvis .     - Unarmed
rCold    . . .     Gourm    .   (no shield)
rNeg     . . .     Faith    .   (helmet restricted)
rPois    .         Spirit   .   j - amulet of inaccuracy (curse)
rElec    .         Reflect  .   (no ring)
rCorr    .         Harm     .   (no ring)
MR       .....                  (no ring)
Stlth    ++........             (no ring)
HPRegen  0.11/turn              (no ring)
MPRegen  0.11/turn              (no ring)
                                (no ring)
                                (no ring)

@: corroded
A: almost no armour, stealthy swim, amphibious, 8 rings, constrict 8, camouflage
1, gelatinous body 1
a: no special abilities


You were on level 3 of the Dungeon.
You were hungry.

You visited 1 branch of the dungeon, and saw 3 of its levels.

You collected 171 gold pieces.

Inventory:

Hand Weapons
 l - a +0 blowgun
Missiles
 a - 23 arrows
 q - 8 curare-tipped needles
Jewellery
 j - a cursed amulet of inaccuracy (around mantle)
Wands
 f - a wand of disintegration (15)
 o - a wand of digging (7)
Scrolls
 p - a scroll of fear
Potions
 b - a potion of curing
 d - a potion of cancellation {unknown}
 e - a potion of mutation {unknown}
 g - a potion of agility {unknown}
 h - a potion of flight {unknown}
 i - a potion of degeneration {unknown}
 k - a potion of invisibility {unknown}
 m - a potion of brilliance {unknown}
 n - a potion of magic {unknown}
Comestibles
 c - 4 rations


   Skills:
 - Level 1.0 Fighting
 - Level 2.0 Dodging
 - Level 3.0 Unarmed Combat
 - Level 3.2 Spellcasting
 - Level 4.1 Transmutations
 + Level 1.4 Ice Magic


You couldn't memorise any spells.
You knew the following spells:

 Your Spells              Type           Power        Failure   Level  Hunger
a - Beastly Appendage     Tmut           ###...       3%          1    None
b - Sticks to Snakes      Tmut           ###.....     4%          2    ##.....
c - Spider Form           Tmut/Pois      #.........   24%         3    ###....
d - Ice Form              Ice/Tmut       ##......     50%         4    ####...

Your spell library contained the following spells:

 Spells                   Type           Power        Failure   Level  Hunger
 Blade Hands              Tmut           ###.......   67%         5    ######.


Dungeon Overview and Level Annotations

Branches:
Dungeon (3/15)

Altars:
Wu Jian
Xom


Innate Abilities, Weirdness & Mutations

You cannot wear most types of armour.
You are very stealthy in the water. (Stealth+)
You are amphibious.
You can wear up to eight rings at the same time.
You can use your tentacles to constrict eight enemies at once.
Your skin changes colour to match your surroundings (Stealth+).
Your rubbery body absorbs attacks. (AC +1, EV +1)


Message History

* * * LOW HITPOINT WARNING * * *
You pierce the jelly.
The jelly is heavily wounded.
The jelly barely misses you.
Unknown command.
You see here a stone.
Okay, then.
Okay, then.
Okay, then.
Unknown command.
You see here a stone.
You see here a stone.
You tentacle-slap the jelly. The acid corrodes you!
Your tentacles burn!
* * * LOW HITPOINT WARNING * * *
The jelly is almost dead.
Your tentacle spike disappears.
The jelly closely misses you.
You tentacle-slap the jelly but do no damage.
Your tentacles burn!
You die...

#....## .P÷÷.PJ..# ##..## #..###
J...÷...÷# #.... #..#####
.J..J....# ##.## #......#
.PJ.JP.÷.# #.## ##.###.#
.....J÷..# #.# #.# #[#
#######'## #.# ####.# #.#
##(...(.## #.# .....###.#
#J######## #.#
###[.....#######@.'..(.# #.#
####.........######....#######.#
..###.#####...##.......##....#.#
#.###.# ###.##.......##......#
...##.# ####.......###.....#
......# #.......# #.#.#)##
...##.# ##.....## #.#....(
#)###.# ##...## #.###.## #.# #.#
##')'## #.....#


You could see a jelly.

Vanquished Creatures
  A crimson imp (D:2)
  An adder (D:3)
  7 oozes
  2 worms
  A dart slug (D:2)
  2 leopard geckos
  2 orcs (D:2)
  6 bats
  2 giant cockroaches
  7 goblins
  4 hobgoblins
  6 jackals
  A quokka (D:2)
  2 ball pythons (D:3)
  A frilled lizard (D:1)
  12 kobolds
  5 rats
62 creatures vanquished.

Vanquished Creatures (others)
  12 toadstools (D:3)
12 creatures vanquished.

Grand Total: 74 creatures vanquished

Notes
Turn   | Place    | Note
-------+----------+-------------------------------------------
     0 | D:1      | ohad the Octopode Transmuter began the quest for the Orb.
     0 | D:1      | Reached XP level 1. HP: 13/13 MP: 3/3
   179 | D:1      | Reached XP level 2. HP: 14/18 MP: 5/5
   515 | D:1      | Reached skill level 3 in Transmutations
   775 | D:2      | Found a shimmering altar of Xom.
   789 | D:2      | Learned a level 2 spell: Sticks to Snakes
   838 | D:2      | Reached XP level 3. HP: 22/23 MP: 4/6
   843 | D:2      | Learned a level 3 spell: Spider Form
  1021 | D:2      | Reached XP level 4. HP: 21/28 MP: 5/8
  1768 | D:3      | Reached skill level 4 in Transmutations
  2021 | D:3      | Found an ornate altar of the Wu Jian Council.
  2190 | D:3      | Reached XP level 5. HP: 15/33 MP: 9/9
  2271 | D:3      | Learned a level 4 spell: Ice Form
  2329 | D:3      | Reached skill level 1 in Ice Magic
  2353 | D:3      | Splashed by a jelly's acid

Skill      XL: |  1  2  3  4  5 |
---------------+----------------+-----
Transmutations | 3 4 |  4.1
Spellcasting   | 3 |  3.2
Ice Magic      | 1 |  1.4
Fighting       | |  1.0
Dodging        | |  2.0
Unarmed Combat | |  3.0

Action                   |  1- 3 |  4- 6 || total
-------------------------+-------+-------++-------
Melee: Unarmed           |    65 |   120 ||   185
       Constrict         |    21 |    17 ||    38
       Tentacles         |    11 |    24 ||    35
       Kick              |     9 |    10 ||    19
       Punch             |     1 |     1 ||     2
 Cast: Beastly Appendage |     7 |     7 ||    14
  Use: Scroll            |     3 |     2 ||     5
       Potion            |       |     1 ||     1
 Stab: Sleeping          |     6 |     6 ||    12
  Eat: Chunk             |       |     4 ||     4
Armor: Skin              |     5 |    11 ||    16
Dodge: Dodged            |    50 |    92 ||   142
